Map: Ruins of Seras

Players

MelloW (Nina)

  • Race: Protoss Protoss
  • League: Grandmaster

FireCake - Winner!

  • Race: Zerg Zerg
  • League: Master

Event: DreamHack ROCCAT LotV Championship

VOD

Have the link to the VOD?

Description

Time

  • Played on: Nov. 26, 2015, 2:41 p.m.
  • Length: 14:08

All games in this series

Show
View Real Time Build Order
Export as new Build Order

MelloW Protoss 

Build Orders: Nexus First, Blink Stalkers 

Get SALT Encoding   

  12  0:01  Probe (Chrono Boost)  
  13  0:12  Probe (Chrono Boost)  
  14  0:18  Pylon  
  14  0:23  Probe (Chrono Boost)  
  15  0:36  Probe (Chrono Boost)  
  16  0:47  Probe (Chrono Boost)  
  17  0:59  Nexus  
  17  1:02  Probe (Chrono Boost)  
  18  1:13  Probe (Chrono Boost)  
  18  1:17  Gateway  
  19  1:23  Probe (Chrono Boost)  
  19  1:24  Assimilator  
  20  1:29  Assimilator  
  20  1:34  Probe (Chrono Boost)  
  21  1:41  Pylon  
  21  1:44  Probe (Chrono Boost)  
  22  1:55  Probe (Chrono Boost)  
  22  1:57  Gateway  
  23  2:05  Cybernetics Core  
  23  2:09  Probe (Chrono Boost)  
  23  2:12  Probe (Chrono Boost)  
  25  2:18  Zealot (Chrono Boost)  
  25  2:22  Probe (Chrono Boost)  
  28  2:24  Probe (Chrono Boost)  
  29  2:33  Probe  
  29  2:36  Pylon  
  30  2:44  Warp Gate  
  30  2:45  Mothership Core (Chrono Boost)  
  30  2:51  Adept  
  34  2:54  Probe (Chrono Boost)  
  35  3:00  Adept (Chrono Boost)  
  35  3:04  Probe (Chrono Boost)  
  38  3:07  Probe (Chrono Boost)  
  39  3:16  Twilight Council  
  39  3:17  Probe (Chrono Boost)  
  39  3:18  Probe (Chrono Boost)  
  41  3:28  Probe x2  
  43  3:40  Probe  
  45  3:45  Robotics Facility  
  45  3:48  Gateway  
  45  3:50  Gateway  
  45  3:51  Blink (Chrono Boost)  
  45  3:53  Pylon  
  45  3:54  Probe x2  
  44  4:05  Probe  
  44  4:07  Probe  
  44  4:15  Probe  
  44  4:17  Gateway  
  44  4:19  Probe  
  44  4:23  Gateway  
  46  4:27  Probe  
  46  4:28  Gateway  
  46  4:31  Probe  
  48  4:34  Observer (Chrono Boost)  
  49  4:38  Assimilator  
  49  4:39  Assimilator  
  49  4:40  Probe  
  50  4:48  Stalker x2  
  50  4:49  Stalker  
  56  4:55  Warp Prism (Chrono Boost)  
  58  5:01  Pylon  
  58  5:05  Pylon  
  58  5:10  Pylon  
  58  5:12  Stalker  
  58  5:13  Stalker  
  62  5:22  Stalker x2  
  62  5:26  Stalker  
  68  5:38  Stalker x3  
  74  5:47  Dark Shrine  
  74  5:53  Sentry x2  
  74  5:57  Pylon x2  
  78  5:59  Pylon  
  78  6:12  Sentry x2  
  78  6:26  Probe  
  78  6:31  Stalker  
  78  6:32  Stalker x6  
  93  6:40  Probe  
  94  6:53  Nexus  
  90  6:58  Sentry x2, Observer (Chrono Boost)  
  95  7:06  Pylon  
  95  7:08  Pylon  
  95  7:14  Pylon  
  93  7:16  Pylon  
  86  7:28  Dark Templar x2  
  86  7:29  Dark Templar  
  81  7:39  Zealot x3  
  85  7:48  Probe  
  83  7:51  Probe  
  83  7:54  Robotics Bay  
  83  8:00  Dark Templar, Probe  
  83  8:03  Probe x2  
  88  8:08  Pylon  
  88  8:10  Nexus  
  88  8:14  Probe  
  88  8:15  Probe  
  90  8:24  Stalker x3, Probe  
  97  8:33  Stalker x3  
  103  8:35  Probe  
  103  8:40  Probe  
  105  8:41  Probe  
  105  8:44  Disruptor (Chrono Boost)  
  106  8:52  Probe  
  107  9:00  Assimilator x2  
  107  9:04  Stalker x2  
  107  9:07  Probe  
  107  9:08  Forge  
  112  9:14  Adept x4  
  112  9:15  Disruptor (Chrono Boost)  
  123  9:18  Pylon  
  123  9:30  Adept  
  123  9:31  Adept  
  123  9:41  Adept x4  
  125  9:46  Disruptor (Chrono Boost)  
  125  9:51  Pylon  
  125  9:52  Protoss Ground Weapons Level 1  
  128  9:54  Probe  
  128  9:55  Pylon  
  128  9:57  Nexus  
  129  10:03  Pylon x2  
  129  10:05  Probe  
  108  10:14  Adept x3  
  108  10:15  Adept x3  
  113  10:28  Gateway, Pylon, Probe  
  113  10:29  Pylon  
  113  10:30  Photon Cannon  
  114  10:39  Probe  
  114  10:42  Disruptor (Chrono Boost)  
  115  10:48  Nexus  
  115  10:49  Probe  
  115  10:50  Adept x4  
  124  10:58  Pylon  
  124  11:00  Probe, Pylon  
  124  11:01  Sentry  
  124  11:02  Sentry  
  124  11:03  Resonating Glaives  
  129  11:10  Probe  
  129  11:12  Sentry x3  
  129  11:13  Sentry  
  138  11:21  Probe  
  117  11:33  Adept x2  
  117  11:36  Adept x3  
  113  11:55  Adept x3  
  117  12:01  Adept x2  
  117  12:05  Adept  
  115  12:12  Photon Cannon  
  115  12:13  Disruptor (Chrono Boost)  
  118  12:16  Sentry  
  118  12:18  Sentry  
  118  12:19  Sentry  
  118  12:20  Sentry  
  126  12:26  Gravitic Drive  
  126  12:28  Adept x2  
  130  12:34  Assimilator  
  130  12:35  Assimilator  
  130  12:41  Adept x3  
  130  12:59  Adept x3  
  130  13:00  Adept  
  122  13:09  Adept x3  
  122  13:10  Disruptor (Chrono Boost)  
  83  13:23  Sentry x4  
  79  13:31  Adept x2  
  83  13:36  Gateway  
  83  13:41  Adept  
  79  13:57  Sentry  
  79  13:58  Dark Templar x2  
  67  14:04  Dark Templar  
Show
View Real Time Build Order
Export as new Build Order

FireCake Zerg - Winner!

Build Orders: Pool First 

Get SALT Encoding   

  12  0:01  Drone  
  13  0:08  Drone  
  14  0:17  Overlord  
  14  0:22  Extractor  
  14  0:23  Drone  
  17  0:35  Drone x2  
  17  0:45  Spawning Pool  
  17  0:49  Drone  
  17  1:05  Extractor  
  16  1:11  Hatchery  
  16  1:14  Drone  
  16  1:18  Drone  
  17  1:22  Drone  
  18  1:31  Queen  
  20  1:36  Zergling x2  
  22  1:40  Drone  
  22  1:49  Overlord  
  22  2:06  Metabolic Boost  
  22  2:07  Queen  
  22  2:08  Drone  
  25  2:11  Drone  
  26  2:32  Hatchery  
  26  2:33  Drone  
  26  2:37  Drone  
  27  2:38  Drone  
  29  2:44  Drone x2  
  29  2:47  Drone  
  29  2:49  Drone  
  32  2:54  Overlord  
  32  2:57  Drone  
  33  3:01  Drone  
  34  3:14  Zergling x2  
  34  3:15  Zergling x8  
  34  3:16  Drone x2  
  34  3:18  Drone  
  42  3:20  Overlord  
  42  3:25  Drone x2  
  44  3:40  Drone, Queen  
  45  3:49  Drone x9  
  54  3:55  Overlord  
  54  4:00  Evolution Chamber  
  54  4:01  Roach Warren, Extractor  
  51  4:05  Drone x3  
  51  4:08  Drone  
  51  4:09  Drone  
  56  4:14  Extractor  
  56  4:15  Overlord  
  55  4:20  Drone x4  
  59  4:27  Zerg Melee Weapons Level 1  
  59  4:31  Drone  
  59  4:32  Drone x5  
  59  4:36  Spore Crawler  
  59  4:37  Spore Crawler  
  63  4:38  Spore Crawler  
  62  4:46  Drone x2  
  62  4:48  Drone  
  65  4:54  Roach x3  
  65  4:56  Roach  
  65  4:59  Drone  
  74  5:01  Overlord  
  74  5:02  Overlord  
  74  5:03  Overlord  
  74  5:04  Overlord  
  74  5:22  Roach x5  
  74  5:23  Hatchery  
  74  5:24  Zergling x6  
  74  5:25  Zergling x2  
  86  5:31  Zergling x12  
  92  5:39  Ravager x4  
  92  5:42  Overlord  
  96  5:43  Zergling x2  
  96  5:44  Zergling x6  
  96  5:46  Ravager x2  
  96  5:48  Zergling x2  
  103  5:54  Ravager  
  103  5:56  Overlord x2  
  104  5:59  Zergling x4  
  105  6:07  Zergling x16  
  112  6:17  Zergling x2  
  112  6:18  Zergling x6  
  105  6:29  Zergling x2  
  105  6:30  Zergling x18  
  105  6:31  Ravager x2  
  117  6:33  Overlord  
  117  6:38  Overlord  
  116  6:40  Lair  
  116  6:45  Zergling x2  
  116  6:46  Zergling x6  
  119  6:51  Spine Crawler  
  119  6:52  Spine Crawler  
  114  6:57  Zergling x8  
  117  7:05  Zergling x2  
  117  7:06  Zergling x8  
  115  7:22  Zergling x18  
  114  7:28  Zergling x2  
  114  7:29  Zergling x2  
  110  7:32  Queen  
  110  7:36  Zergling x8  
  110  7:37  Zergling x2  
  112  7:43  Overseer  
  79  7:52  Zergling x14  
  79  7:57  Spore Crawler  
  79  7:58  Zerg Melee Weapons Level 2  
  85  8:04  Roach  
  85  8:05  Roach x7  
  101  8:11  Overlord  
  103  8:13  Roach x4  
  109  8:23  Queen  
  109  8:24  Hatchery  
  110  8:27  Ravager  
  110  8:28  Ravager x5  
  110  8:29  Zergling x2  
  110  8:30  Zergling x8  
  110  8:32  Overseer  
  121  8:34  Zergling x2  
  121  8:35  Zergling x4  
  121  8:44  Drone x5  
  121  8:47  Pneumatized Carapace  
  124  8:51  Zergling x16  
  131  8:59  Zergling x6  
  131  9:08  Zergling x6  
  136  9:10  Ravager x2  
  136  9:13  Overlord  
  136  9:20  Zergling x24  
  136  9:23  Ravager  
  136  9:24  Ravager  
  125  9:43  Zergling x18  
  125  9:44  Zergling x4  
  122  9:47  Hydralisk Den  
  121  9:54  Spine Crawler  
  121  9:55  Spine Crawler, Zergling x2  
  121  9:56  Zergling x12  
  123  10:13  Zergling x20  
  102  10:21  Zergling x4  
  102  10:22  Zergling x16  
  102  10:24  Zerg Ground Armor Level 1  
  112  10:31  Zergling x14  
  112  10:34  Infestation Pit  
  118  10:41  Zergling x10  
  113  10:48  Roach  
  113  10:49  Roach  
  102  10:53  Roach x3  
  102  10:55  Drone  
  102  10:56  Drone x2  
  111  11:01  Roach x2  
  115  11:07  Roach x3  
  115  11:08  Roach  
  123  11:16  Ravager x4  
  123  11:17  Zergling x10  
  129  11:32  Zergling x6  
  110  11:33  Zergling x16  
  110  11:34  Zergling x2  
  110  11:39  Ravager  
  112  11:41  Zergling x10  
  94  12:00  Zergling x26  
  99  12:07  Roach x5  
  105  12:09  Zergling x4  
  107  12:22  Zergling x18  
  116  12:28  Ravager  
  116  12:29  Ravager x5  
  121  12:38  Zergling x22  
  132  12:45  Zergling x2  
  132  12:46  Zergling x10  
  138  12:57  Zergling x16  
  143  13:04  Zergling x4  
  143  13:05  Zergling x2  
  141  13:18  Zergling x20  
  141  13:19  Zergling x2  
  120  13:26  Zergling x8  
  125  13:41  Roach x4  
  125  13:48  Hatchery  

Tags
 
Add a new tag
Caveats
  • Supply blocks, unpowered buildings, or Contaminate may cause inaccurate times.
  • Supply counts are checked every 10 seconds.